 Dungeon Crawl Stone Soup version 0.30.0-29-ga12c61a403 (webtiles) character file.

Game seed: 6244432792401279918

357 cheesebisquit the Ruffian (level 6, -3/59 HPs)
             Began as a Troll Warper on June 16, 2023.
             Slain by a yak (9 damage)
             ... on level 5 of the Dungeon.
             The game lasted 00:10:16 (3518 turns).

cheesebisquit the Ruffian (Troll Warper)            Turns: 3518, Time: 00:10:17

Health: -3/59      AC:  6    Str: 20    XL:     6   Next: 36%
Magic:  8/8        EV: 10    Int: 11    God:
Gold:   198        SH:  0    Dex:  9    Spells: 2/9 levels left

rFire   . .          .
                       - Unarmed
rCold   . . .        (no shield)
rNeg    . . .        a - +0 robe
rPois   .            (helmet restricted)
rElec   .            v - +1 cloak
rCorr   .            (gloves unavailable)
SInv    .            (boots unavailable)
Will    +....        (no amulet)
Stlth   +            n - ring of willpower
HPRegen 1.09/turn    (no ring)
MPRegen 0.11/turn

%: no passive effects
@: lethally poisoned (-3 -> -4), about to teleport, hasted, very quick
A: large, unfitting armour, claws 3, regeneration 1, shaggy fur 1, tough skin 1
a: no special abilities


You were on level 5 of the Dungeon.
You visited 2 branches of the dungeon, and saw 6 of its levels.

You collected 198 gold pieces.

Inventory:

Hand Weapons
 u - a +1 war axe of venom
Missiles
 c - 8 boomerangs of dispersal
 s - 2 boomerangs (quivered)
 z - 4 poisoned darts
Armour
 a - a +0 robe (worn)
 v - a +1 cloak (worn)
Jewellery
 n - a ring of willpower (left claw)
 y - a ring of ice
Wands
 f - a wand of light (10)
Scrolls
 d - 2 scrolls of enchant weapon {unknown}
 e - a scroll of teleportation
 g - a scroll of poison {unknown}
 i - a scroll of fog {unknown}
 j - 2 scrolls of vulnerability {unknown}
 l - a scroll of summoning {unknown}
 o - a scroll of fear {unknown}
 t - a scroll of magic mapping {unknown}
Potions
 b - a potion of curing
 k - a potion of magic
 m - a potion of haste
 p - a potion of resistance
 r - a potion of attraction
 w - 2 potions of cancellation
 x - a potion of mutation


   Skills:
 + Level 2.6 Fighting
 - Level 0.8 Throwing
 + Level 2.8 Dodging
 * Level 4.2 Unarmed Combat
 + Level 2.0 Spellcasting
 + Level 2.9 Translocations


You had 2 spell levels left.
You knew the following spells:

 Your Spells              Type           Power      Damage    Failure   Level
a - Blink                 Tloc           14%        N/A       13%         2
b - Lesser Beckoning      Tloc           14%        N/A       13%         2
c - Teleport Other        Tloc           7%         N/A       26%         3

Your spell library contained the following spells:

 Spells                   Type           Power      Damage    Failure   Level
 Magic Dart               Conj           4%         1d3       28%         1
 Call Imp                 Summ           2%         N/A       41%         2
 Vhi's Electric Charge    Tloc/Air       8%         N/A       43%         3
 Mephitic Cloud           Conj/Pois/Air  1%         N/A       65%         3
 Manifold Assault         Tloc           7%         N/A       65%         4


Dungeon Overview and Level Annotations

Branches:
Dungeon (5/15)             Temple (1/1) D:4

Altars:
Cheibriados
Dithmenos
Fedhas
Gozag
Ru
Sif Muna
Uskayaw
Wu Jian
Xom
Yredelemnul

Annotations:
D:3 1 runed translucent door, Quinzaine's ghost, weakling HOEn


Innate Abilities, Weirdness & Mutations

You are too large for most types of armour.
You have claws for hands.
Your natural rate of healing is unusually fast.
You are covered in fur. (AC +1)
You have tough skin. (AC +1)


Message History

You are more poisoned.
The adder poisons you!
You closely miss the adder.
The adder is almost dead.
You feel sick.
The jackal bites you but does no damage.
The adder completely misses you.
The jackal bites you but does no damage.
You miss the adder.
The adder is almost dead.
You feel sick. The adder bites you.
You are more poisoned.
The adder poisons you! The jackal barely misses you.
You claw the adder!
You kill the adder!
You feel sick. The jackal misses you.
You miss the jackal.
You feel sick. The jackal misses you.
The jackal bites you but does no damage.
You scratch the yak but do no damage.
You feel sick. The jackal bites you. The yak barely misses you.
You scratch the yak.
The yak is lightly wounded.
You feel sick. The jackal barely misses you. The yak closely misses you.
The ogre hits you with a +0 giant club!!
A yak comes into view.
You are too injured to fight recklessly!
You are too injured to fight recklessly!
As you read the scroll of teleportation, it crumbles to dust.
You feel strangely unstable.
You feel sick. The jackal closely misses you.
A yak comes into view.
The yak gores you!
* * * LOW HITPOINT WARNING * * *
The yak attacks as you move away! The yak gores you!
* * * LOW HITPOINT WARNING * * *
You feel sick.
The yak bellows!
You hear a shout!
The jackal bites you but does no damage.
You feel yourself speed up.
You feel sick. The jackal misses you. The ogre closely misses you.
The yak gores you!
You die...

#.#
..................
#.#
..................
..........(....YY.
..................
...............[..
#.................
..........†.......
.........Oh.......
.........@Y†......
#.................
#....#...........#
#)#.##...........#
#.#. #........##..
. ........... #
.....####...#
...... #..#


You could see 3 yaks, an ogre and a jackal.

Vanquished Creatures
  A phantom (D:4)
  A gnoll sergeant (D:4)
  Crazy Yiuf (D:3)
  An iguana (D:4)
  4 gnolls (D:4)
  4 adders
  4 worms
  2 dart slugs
  7 orcs
  3 endoplasms
  3 giant cockroaches
  4 goblins
  5 hobgoblins
  6 jackals
  4 quokkas
  6 ball pythons
  5 bats
  5 frilled lizards
  7 kobolds
  4 rats
77 creatures vanquished.

Notes
Turn   | Place    | Note
-------+----------+-------------------------------------------
     0 | D:1      | cheesebisquit the Troll Warper began the quest for the Orb.
     0 | D:1      | Reached XP level 1. HP: 19/19 MP: 1/1
   143 | D:1      | Reached XP level 2. HP: 25/28 MP: 2/2
   784 | D:2      | Found a faded altar of an unknown god.
  1083 | D:2      | Reached XP level 3. HP: 35/35 MP: 4/4
  1532 | D:3      | Found a runed translucent door.
  1533 | D:3      | Noticed Crazy Yiuf
  1566 | D:3      | Found a shadowy altar of Dithmenos.
  1666 | D:3      | Reached skill level 3 in Unarmed Combat
  1673 | D:3      | Reached XP level 4. HP: 42/42 MP: 5/5
  1677 | D:3      | Found a runed translucent door.
  1678 | D:3      | Noticed Quinzaine's ghost (weakling HOEn)
  1883 | D:3      | Found a snail-covered altar of Cheibriados.
  2029 | D:3      | Found a glowing drain.
  2145 | D:3      | Killed Crazy Yiuf
  2279 | D:4      | Found a blossoming altar of Fedhas.
  2408 | D:4      | Noticed a phantom
  2423 | D:4      | Killed a phantom
  2424 | D:4      | Reached XP level 5. HP: 30/50 MP: 6/6
  2749 | D:4      | Found a shimmering altar of Xom.
  2753 | D:4      | Learned a level 2 spell: Blink
  2756 | D:4      | Learned a level 2 spell: Lesser Beckoning
  2760 | D:4      | Learned a level 3 spell: Teleport Other
  3009 | D:4      | Reached skill level 4 in Unarmed Combat
  3009 | D:4      | Reached XP level 6. HP: 45/59 MP: 6/8
  3094 | D:4      | Found a staircase to the Ecumenical Temple.
  3192 | Temple   | Entered the Ecumenical Temple
  3491 | D:5      | Entered Level 5 of the Dungeon
  3507 | D:5      | Noticed a yak
  3515 | D:5      | Noticed a yak
  3516 | D:5      | Noticed a yak
  3518 | D:5      | Slain by a yak

Illustrated notes

Levels and vault maps discovered:
D:1:      evilmike_arrival_home_sweet_home, layout_basic
D:2:      layout_basic, basic_ecumenical_altar, minmay_pentomino_v4
D:3:      layout_loops_cross, nicolae_dithmenos_through_a_glass_darkly,
          mainiacjoe_overflow_alcove_4, cheibrodos_sewer_entry_bend,
          hellmonk_ghost_happy_afterlife, uniq_crazy_yiuf_cottage
D:4:      cheibrodos_old_hovel, layout_rooms, mainiacjoe_overflow_alcove_1,
          mainiacjoe_overflow_catwalk, temple_hall, lightli_minifort
D:5:      layout_rooms, uniq_grinder
Temple:   hellmonk_temple_flake

Skill      XL: |  1  2  3  4  5 |
---------------+----------------+-----
Dodging        | 2 |  2.8
Fighting       | 2 |  2.6
Unarmed Combat | 3 4 |  4.2
Spellcasting   | 2 |  2.0
Throwing       | |  0.8
Translocations | |  2.9

Action                     |  1- 3 |  4- 6 || total
---------------------------+-------+-------++-------
  Melee: Unarmed           |   128 |   126 ||   254
         Punch             |     2 |     1 ||     3
  Throw: Boomerang         |       |     7 ||     7
         Dart              |       |     4 ||     4
    Use: Potion            |       |     5 ||     5
         Scroll            |       |     9 ||     9
 Armour: Robe              |    64 |    39 ||   103
  Dodge: Dodged            |    76 |    60 ||   136
